 Dungeon Crawl Stone Soup version 0.20.0-15-g7f486f2 (webtiles) character file.

282 StormFighter the Firebug (level 6, -8/32 HPs)
             Began as a Deep Elf Fire Elementalist on June 22, 2017.
             Killed from afar by Edmund (10 damage)
             ... with a wand of flame (?/48)
             ... on level 4 of the Dungeon.
             The game lasted 00:13:56 (3243 turns).

StormFighter the Firebug (DEFE)                     Turns: 3243, Time: 00:13:57

Health: -8/32      AC:  2    Str:  5    XL:     6   Next: 6%
Magic:  1/14       EV: 13    Int: 22    God:
Gold:   261        SH:  0    Dex: 15    Spells: 6/14 levels left

rFire    . . .     SeeInvis .   o - -1 dagger (curse)
rCold    . . .     Gourm    .   (no shield)
rNeg     . . .     Faith    .   a - +0 robe
rPois    .         Spirit   .   (no helmet)
rElec    .         Reflect  .   (no cloak)
rCorr    .         Harm     .   (no gloves)
MR       .....                  (no boots)
Stlth    ++........             v - amulet of regeneration
Regen    0.5/turn               (no ring)
MPRegen  0.2/turn               (no ring)

@: no status effects
A: no striking features
a: no special abilities


You were on level 4 of the Dungeon.
You were not hungry.

You visited 1 branch of the dungeon, and saw 4 of its levels.
You also visited: Ossuary.

You collected 261 gold pieces.

Inventory:

Hand Weapons
 d - a +0 dagger
 o - a cursed -1 dagger (weapon)
 u - a +1 short sword of speed
Armour
 a - a +0 robe (worn)
Jewellery
 v - an amulet of regeneration (around neck)
Wands
 C - a wand of lightning (10/15)
Scrolls
 g - a scroll of fear {unknown}
 k - a scroll of fog {unknown}
 l - 2 scrolls of identify {unknown}
 m - a scroll of noise {unknown}
 r - 6 scrolls of remove curse {unknown}
 s - a scroll of enchant armour {unknown}
 t - a scroll of amnesia {unknown}
 y - a scroll of magic mapping {unknown}
 z - a scroll of enchant weapon {unknown}
Potions
 e - a potion of heal wounds {unknown}
 f - a potion of brilliance {unknown}
 i - 2 potions of berserk rage {unknown}
 j - a potion of lignification {unknown}
 n - 3 potions of curing {unknown}
 q - 3 potions of haste {unknown}
 w - 2 potions of magic {unknown}
 x - a potion of resistance {unknown}
 A - 2 potions of flight {unknown}
 B - a potion of mutation {unknown}
Books
 b - a book of Flames

   Spells                             Type                      Level
   a - Flame Tongue                   Conjuration/Fire             1
   b - Throw Flame                    Conjuration/Fire             2
   c - Conjure Flame                  Conjuration/Fire             3
   d - Inner Flame                    Hexes/Fire                   3
   e - Sticky Flame                   Conjuration/Fire             4
   f - Fireball                       Conjuration/Fire             5
Comestibles
 c - 4 bread rations
 h - a royal jelly
 p - a meat ration


   Skills:
 - Level 2.4 Dodging
 - Level 2.4 Stealth
 + Level 4.6 Spellcasting
 * Level 4.4 Conjurations
 * Level 5.2 Fire Magic


You had 6 spell levels left.
You knew the following spells:

 Your Spells              Type           Power        Failure   Level  Hunger
a - Flame Tongue          Conj/Fire      ####.        1%          1    None
b - Conjure Flame         Conj/Fire      ####....     4%          3    ##.....
c - Sticky Flame          Conj/Fire      ####....     14%         4    ####...


Dungeon Overview and Level Annotations

Branches:
Dungeon (4/15)
 Temple: D:4-7

Altars:
Fedhas
Okawaru

Annotations:
D:4 Edmund


Message History

There is a stone staircase leading up here.
Casting: Conjure Flame
Confirm with . or Enter, or press ? or * to list all spells.
Aiming: Conjure Flame
Press: ? - help, Dir - move target cursor, p - Edmund The fire ignites!
Casting: Conjure Flame
Confirm with . or Enter, or press ? or * to list all spells.
Aiming: Flame Tongue
Press: ? - help, Shift-Dir - straight line, f - Edmund
Aim: Edmund, wielding a flail of venom, wearing a ring mail and carrying a wand of flame (?/48) {zapped: 4} (moderately wounded)
The flame tongue misses Edmund.
Edmund says, "People accused me of being a cutpurse!"
Edmund zaps a wand.
The puff of flame hits you!
Edmund zaps a wand.
The puff of flame hits you!
* * * LOW HITPOINT WARNING * * *
Edmund zaps a wand.
The puff of flame hits you!
* * * LOW HITPOINT WARNING * * *
Edmund zaps a wand.
The puff of flame hits you!
You die...

#........#
##+#+#.###
#.#.#.#
#.#.#.#
#.....#
#...###
#####...#
#...ยง@..#
#@###...#
#####
#.......#
#...@
#####.#.#
#@### #.@.#
#.##.
##..######.##.
#.>@.)@...##.
############Z
..) .....


You could see Edmund.

Vanquished Creatures
  Jessica (D:3)
  A worker ant (D:4)
  3 mummies (Ossuary)
  7 gnolls
  2 adders
  An ooze (D:3)
  3 adder zombies (Ossuary)
  2 worms
  2 dart slugs
  A leopard gecko (D:4)
  4 orcs (D:3)
  5 bats
  4 giant cockroaches
  3 goblins
  9 hobgoblins
  3 jackals
  3 quokkas
  A ball python (D:2)
  11 frilled lizards
  A goblin zombie (Ossuary)
  2 hobgoblin zombies (Ossuary)
  10 kobolds
  3 kobold zombies (Ossuary)
  An orc zombie (D:4)
  6 quokka zombies (Ossuary)
  8 rats
  3 rat zombies (Ossuary)
100 creatures vanquished.

Notes
Turn   | Place    | Note
-------+----------+-------------------------------------------
     0 | D:1      | StormFighter the Deep Elf Fire Elementalist began the quest for the Orb.
     0 | D:1      | Reached XP level 1. HP: 10/10 MP: 6/6
   245 | D:1      | Reached XP level 2. HP: 9/15 MP: 5/8
   879 | D:2      | Reached XP level 3. HP: 19/19 MP: 5/10
  1052 | D:2      | Learned a level 3 spell: Conjure Flame
  1070 | D:2      | Reached skill level 4 in Fire Magic
  1539 | D:3      | Found an iron altar of Okawaru.
  1646 | D:3      | Found a blossoming altar of Fedhas.
  1686 | D:3      | Reached XP level 4. HP: 24/24 MP: 7/11
  1805 | D:3      | Noticed Jessica
  1815 | D:3      | Killed Jessica
  2042 | D:3      | Reached XP level 5. HP: 24/28 MP: 11/13
  2459 | D:4      | Found a sand-covered staircase.
  2473 | D:4      | Learned a level 4 spell: Sticky Flame
  2474 | Ossuary  | Entered an ossuary
  3052 | D:4      | Noticed Edmund
  3059 | D:4      | Reached skill level 5 in Fire Magic
  3205 | D:4      | Reached XP level 6. HP: 32/32 MP: 5/14
  3242 | D:4      | HP: 1/32 [Edmund/wand of flame (?/48) (5)]
  3243 | D:4      | Killed from afar by Edmund

Skill      XL: |  1  2  3  4  5 |
---------------+----------------+-----
Conjurations   | 2 3 4 |  4.4
Fire Magic     | 4 5 |  5.2
Spellcasting   | 4 |  4.6
Dodging        | |  2.4
Stealth        | |  2.4

Action                   |  1- 3 |  4- 6 || total
-------------------------+-------+-------++-------
Melee: Dagger            |    15 |       ||    15
 Cast: Flame Tongue      |    74 |   105 ||   179
       Conjure Flame     |       |    10 ||    10
 Stab: Sleeping          |     1 |       ||     1
  Eat: Chunk             |     2 |     3 ||     5
       Royal jelly       |       |     1 ||     1
Armor: Robe              |     4 |     3 ||     7
Dodge: Dodged            |    22 |    16 ||    38
